 Dungeon Crawl Stone Soup version 0.29.1-1-gd02db6906a (webtiles) character file.

Game seed: 6352471070249297649

131045 raph the Frost Mage (level 17, -3/128 HPs)
             Began as a Merfolk Ice Elementalist on Oct 19, 2022.
             Was an Initiate of Gozag.
             Slain by a will-o-the-wisp (13 damage)
             ... on level 2 of the Swamp.
             The game lasted 01:21:53 (40956 turns).

raph the Frost Mage (Merfolk Ice Elementalist)     Turns: 40956, Time: 01:21:54

Health: -3/128     AC: 20    Str:  9    XL:     17   Next: 9%
Magic:  21/30      EV: 19    Int: 21    God:    Gozag
Gold:   3523       SH:  5    Dex: 21    Spells: 2/35 levels left

rFire   . . .      SeeInvis +   a - +7 trident (venom)
rCold   . . .      Faith    .   T - +1 buckler of the Gate {+Blink SInv Stlth+}
rNeg    . . .      Spirit   .   O - +2 acid dragon scales
rPois   .          Reflect  .   v - +1 helmet
rElec   +          Harm     .   (no cloak)
rCorr   +          Rampage  .   A - +3 pair of gloves of Dishonesty {rElec}
Will    +....                   S - +2 pair of boots {Stlth+}
Stlth   +++++.....              U - amulet of regeneration
HPRegen 1.11/turn               g - ring of wizardry
MPRegen 0.22/turn               L - +6 ring of dexterity

@: gold aura, studying Armour
A: (nimble swimmer 2), mertail
a: Renounce Religion, Evoke Blink, Potion Petition, Call Merchant, Bribe Branch


You were on level 2 of the Swamp.
You worshipped Gozag.
Gozag was most pleased with you.
You visited 5 branches of the dungeon, and saw 25 of its levels.
You also visited: Ice Cave.

You collected 8143 gold pieces.
You spent 3350 gold pieces at shops.
You paid 1270 gold pieces to Gozag.

Inventory:

Hand Weapons
 a - a +7 trident of venom (weapon)
 b - a +1 glaive of flaming
Missiles
 f - 39 poisoned darts
 r - 2 silver javelins
 t - 4 boomerangs of dispersal
 x - 3 curare-tipped darts
Armour
 p - a +0 pair of gloves of strength
 v - a +1 helmet (worn)
 A - the +3 pair of gloves of Dishonesty (worn) {rElec}
   (You bought it in a shop on level 7 of the Dungeon)

   rElec:     It insulates you from electricity.
 O - +2 acid dragon scales (worn)
 S - a +2 pair of boots of stealth (worn)
 T - the +1 buckler of the Gate (worn) {+Blink SInv Stlth+}
   (You acquired it in an ice cave)

   SInv:      It lets you see invisible.
   +Blink:    It lets you blink.
   Stlth:     It makes you more stealthy.
Jewellery
 g - a ring of wizardry (left hand)
 z - a ring of flight
 F - a ring of willpower
 L - a +6 ring of dexterity (right hand)
 U - an amulet of regeneration (around neck)
Wands
 e - a wand of digging (8)
 y - a wand of charming (15)
 E - a wand of polymorph (5)
 H - a wand of iceblast (11)
 Q - a wand of mindburst (9)
 R - a wand of flame (21)
Scrolls
 c - 2 scrolls of brand weapon
 d - 4 scrolls of identify
 k - a scroll of fear
 l - 2 scrolls of fog
 q - 3 scrolls of blinking
 s - a scroll of magic mapping
 C - 4 scrolls of amnesia
 G - 8 scrolls of teleportation
 K - a scroll of silence
 Z - a scroll of summoning
Potions
 h - 9 potions of curing
 i - 6 potions of mutation
 j - 4 potions of berserk rage
 m - 4 potions of flight
 n - 6 potions of might
 o - 2 potions of resistance
 u - 4 potions of invisibility
 w - 4 potions of lignification
 B - 5 potions of haste
 D - 3 potions of attraction
 I - a potion of magic
 P - a potion of cancellation
 W - a potion of heal wounds
 X - a potion of ambrosia
 Y - 2 potions of brilliance
Miscellaneous
 M - a phantom mirror
 V - a phial of floods


   Skills:
 + Level 10.1 Fighting
 * Level 13.2 Polearms
 + Level 8.6 Armour
 + Level 13.1 Dodging
 - Level 6.5 Stealth
 + Level 9.7 Spellcasting
 + Level 8.4 Conjurations
 * Level 3.8 Hexes
 - Level 6.5 Transmutations
 * Level 14.7 Ice Magic
 - Level 8.8 Poison Magic
 - Level 7.6 Evocations


You had 2 spell levels left.
You knew the following spells:

 Your Spells              Type           Power      Damage    Failure   Level
a - Freeze                Ice            100%       1d11      1%          1
b - Frozen Ramparts       Ice            100%       1d16      1%          3
c - Ozocubu's Armour      Ice            64%        N/A       1%          3
d - Hailstorm             Conj/Ice       56%        3d12      1%          4
e - Ensorcelled Hibernat  Hex/Ice        98%        N/A       1%          2
f - Blink                 Tloc           20%        N/A       9%          2
g - Poisonous Vapours     Pois/Air       56%        N/A       1%          2
h - Olgreb's Toxic Radia  Pois           47%        N/A       1%          4
i - Metabolic Englaciati  Hex/Ice        24%        N/A       3%          5
j - Passwall              Tmut/Erth      20%        N/A       2%          2
k - Freezing Cloud        Conj/Ice/Air   21%        6-21      6%          5

Your spell library contained the following spells:

 Spells                   Type           Power      Damage    Failure   Level
 Sting                    Tmut/Pois      100%       1d8       1%          1
 Necrotise                Necr           40%        1d6       6%          1
 Ignite Poison            Fire/Tmut/Pois 31%        N/A       1%          3
 Ice Form                 Ice/Tmut       53%        N/A       1%          4
 Confusing Touch          Hex            26%        N/A       3%          3
 Conjure Flame            Conj/Fire      28%        6-21      3%          3
 Inner Flame              Hex/Fire       18%        N/A       8%          3
 Irradiate                Conj/Tmut      20%        3d18      8%          5
 Sticky Flame             Conj/Fire      28%        2d5       10%         4
 Blade Hands              Tmut           18%        N/A       11%         5
 Cause Fear               Hex            13%        N/A       12%         4
 Swiftness                Air            10%        N/A       16%         3
 Vampiric Draining        Necr           10%        2d6       16%         3
 Yara's Violent Unravell  Hex/Tmut       16%        3d8       19%         5
 Agony                    Necr           10%        N/A       80%         5
 Manifold Assault         Tloc           10%        N/A       80%         5
 Dragon Form              Tmut           18%        N/A       96%         7
 Enfeeble                 Hex            13%        N/A       100%        7
 Malign Gateway           Summ/Tloc      5%         N/A       100%        7
 Storm Form               Tmut/Air       12%        N/A       100%        7
 Discord                  Hex            13%        N/A       100%        8
 Summon Horrible Things   Summ           5%         N/A       100%        8
 Polar Vortex             Ice            32%        N/A       100%        9
 Simulacrum               Ice/Necr       Unusable   N/A       N/A         6

Dungeon Overview and Level Annotations

Branches:
Dungeon (15/15)            Temple (1/1) D:5            Lair (5/5) D:11
  Swamp (2/4) Lair:2       Spider (0/4) Lair:2        Slime (0/5) Lair:4
    Orc (2/2) D:12            Elf (0/3) Orc:2        Vaults (0/5) D:13
 Depths (0/4) D:15          IceCv (visited)

Altars:
Ashenzari
Cheibriados
Dithmenos
Elyvilon
Fedhas
Gozag
Hepliaklqana
Kikubaaqudgha
Makhleb
Nemelex Xobeh
Okawaru
Qazlal
Ru
Sif Muna
Trog
Uskayaw
Vehumet
Wu Jian
Xom
Yredelemnul
Zin
The Shining One
Jiyva

Shops:
D:7 [   D:12 (   Orc:1 (   Orc:2 ??=!   Lair:1 *

Annotations:
D:7 1 exclusion
D:11 1 exclusion
Lair:3 2 transporters, Discosetron's ghost, journeyman GnAM
Orc:1 2 transporters, Fingal42's ghost, journeyman HOFi


Innate Abilities, Weirdness & Mutations

((You are very nimble when in or above water. (Stealth+, EV+, Speed+++)))
Your lower body shifts to a powerful aquatic tail in water.


Message History

Your icy armour will break if you move.
Continue? [Y]es or [N]o only, please.
Your icy armour will break if you move.
Continue?
Okay, then.
You closely miss the will-o-the-wisp.
The will-o-the-wisp is lightly damaged.
You hit the will-o-the-wisp.
The will-o-the-wisp is lightly damaged.
The will-o-the-wisp engulfs you but does no damage.
You puncture the will-o-the-wisp!
The will-o-the-wisp is heavily damaged.
The will-o-the-wisp gestures.
The will-o-the-wisp conjures some foxfire! 2 foxfires come into view.
You hit the will-o-the-wisp but do no damage.
The will-o-the-wisp is heavily damaged.
The foxfire hits you! The foxfire hits you!!
Your icy armour melts away.
* * * LOW HITPOINT WARNING * * *
The will-o-the-wisp engulfs you but does no damage.
The heat melts your icy armour.
You barely miss the will-o-the-wisp.
The will-o-the-wisp is heavily damaged.
You puncture the will-o-the-wisp!
The will-o-the-wisp is heavily damaged.
The will-o-the-wisp gestures.
The will-o-the-wisp conjures some foxfire! 2 foxfires come into view.
You puncture the will-o-the-wisp!
The will-o-the-wisp is severely damaged.
The foxfire hits you.
* * * LOW HITPOINT WARNING * * *
The foxfire hits you!
* * * LOW HITPOINT WARNING * * *
The will-o-the-wisp barely misses you.
You closely miss the will-o-the-wisp.
The will-o-the-wisp is severely damaged.
The will-o-the-wisp engulfs you!
You die...
Your body crumbles into a pile of gold.

~~.~..
.....~....~~♣
..~...
...♣...§...♣♣
~♣~...
.♣♣♣♣.~~...♣
~. ♣..~..~♣♣
§♣ ♣♣.....^.♣
. ♣♣.~~....♣♣
...♣.~.~~§..♣
......~§~..♣♣
..~..~.@§...♣
~~.....§v§...♣
~~~.....§§...♣
♣♣...~......♣♣
♣~..~.§.~~○.♣
♣..♣.~~...~.♣
~.~♣...~...°.
.. ♣♣~..♣♣~.♣♣


You could see a will-o-the-wisp.

Vanquished Creatures
  Kirke (Lair:4)
  A thorn hunter (Swamp:2)
  A frost giant (IceCv)
  4 eleionomae
  Nessos (Lair:4)
  Snorg (Orc:1)
  A rakshasa (D:13)
  14 hydras
  A vault guard (D:13)
  3 ogre magi
  13 two-headed ogres
  A ghost crab (Swamp:2)
  5 centaur warriors (D:13)
  6 alligators
  A catoblepas (Lair:3)
  5 boulder beetles
  11 death yaks
  11 spriggans (Swamp:1)
  Sonja (D:10)
  A skeletal warrior (D:11)
  2 goliath frogs (Swamp:2)
  2 swamp dragons (Swamp:2)
  2 deep trolls (Orc:2)
  2 wizards (D:14)
  3 bog bodies
  A harpy (shapeshifter) (D:14)
  4 orc knights
  4 deep elf pyromancers
  9 cyclopes
  11 ugly things
  3 manticores
  2 orc sorcerers
  An ice statue (IceCv)
  5 black mambas
  A gargoyle (D:11)
  A torpor snail (Lair:3)
  5 cane toads
  7 komodo dragons
  3 unseen horrors
  Maggie (D:9)
  2 rime drakes
  7 polar bears (IceCv)
  13 trolls
  14 hornets
  5 slime creatures
  Prince Ribbit (D:8)
  2 dream sheep (Lair:5)
  12 blink frogs
  A shadow (D:10)
  A wyvern (D:8)
  8 wraiths
  5 basilisks
  A hog (Lair:4)
  46 yaks
  11 vampire mosquitoes
  Grum (D:9)
  4 wargs
  9 swamp worms
  2 acid dragons
  3 water moccasins
  2 swamp drakes (Swamp:2)
  An ice beast (shapeshifter) (D:11)
  17 orc warriors
  An ice beast (D:8)
  4 sky beasts
  7 centaurs
  24 ogres
  24 wolves
  A phantom (D:6)
  2 kobold brigands
  10 bullfrogs
  A necrophage (D:5)
  2 gnoll sergeants
  4 scorpions
  18 wights
  4 killer bees (D:9)
  4 electric eels
  8 howler monkeys
  2 hounds
  4 jellies
  13 orc priests
  17 orc wizards
  Ijyb (D:3)
  A mummy (D:7)
  15 gnolls
  13 adders
  A shadow imp (D:7)
  4 white imps
  2 ufetubi (D:5)
  2 dart slugs
  A worm (D:3)
  55 orcs
  8 bats
  13 endoplasms
  2 giant cockroaches (D:1)
  4 goblins
  8 hobgoblins
  10 jackals
  17 kobolds
  5 quokkas
  2 ball pythons
  A frilled lizard (D:1)
  6 rats
641 creatures vanquished.

Vanquished Creatures (collateral kills)
  A swamp dragon (Swamp:1)
1 creature vanquished.

Vanquished Creatures (others)
  2 bloated husks
  A polar bear (IceCv)
  2 humans (Lair:4)
  10 foxfires (Swamp:2)
  42 fungi
  89 plants
  7 withered plants (D:15)
153 creatures vanquished.

Grand Total: 795 creatures vanquished

Notes
Turn   | Place    | Note
-------+----------+-------------------------------------------
     0 | D:1      | raph the Merfolk Ice Elementalist began the quest for the
                  | Orb.
     0 | D:1      | Reached XP level 1. HP: 13/13 MP: 3/3
   241 | D:1      | Reached XP level 2. HP: 16/19 MP: 0/5
   367 | D:1      | Reached skill level 5 in Ice Magic
   759 | D:1      | Reached XP level 3. HP: 24/24 MP: 2/6
   763 | D:1      | Learned a level 3 spell: Frozen Ramparts
   902 | D:1      | Found a faded altar of an unknown god.
  1613 | D:2      | You fall into a shaft and drop 2 floors!
  1763 | D:4      | Reached XP level 4. HP: 30/30 MP: 3/7
  2123 | D:4      | Reached skill level 6 in Ice Magic
  2508 | D:4      | Reached XP level 5. HP: 18/35 MP: 2/9
  2686 | D:4      | Learned a level 3 spell: Ozocubu's Armour
  2980 | D:3      | Found a white marble altar of Elyvilon.
  3114 | D:3      | Reached skill level 7 in Ice Magic
  3346 | D:3      | Reached XP level 6. HP: 39/41 MP: 5/10
  3466 | D:3      | Found an iron altar of Okawaru.
  3742 | D:3      | Noticed Ijyb
  3833 | D:2      | Learned a level 4 spell: Hailstorm
  4093 | D:3      | Killed Ijyb
  4589 | D:5      | Entered Level 5 of the Dungeon
  4837 | D:5      | Found a basalt altar of Yredelemnul.
  4839 | D:5      | Found a broken altar of Ashenzari.
  5270 | D:5      | Reached skill level 1 in Conjurations
  5271 | D:5      | Reached XP level 7. HP: 38/46 MP: 7/12
  5312 | D:5      | Learned a level 2 spell: Ensorcelled Hibernation
  5333 | D:5      | Reached skill level 8 in Ice Magic
  5438 | D:5      | HP: 1/46 [centaur/arrow (5)]
  5762 | D:5      | Found a staircase to the Ecumenical Temple.
  5809 | Temple   | Entered the Ecumenical Temple
  5940 | Temple   | Became a worshipper of Gozag Ym Sagoz the Greedy
  7081 | D:6      | Reached XP level 8. HP: 34/52 MP: 14/14
  7261 | D:6      | Reached skill level 9 in Ice Magic
  7336 | D:6      | Reached skill level 1 in Fighting
  7514 | D:6      | Learned a level 2 spell: Blink
  8631 | D:6      | Found a glowing silver altar of Zin.
  8649 | D:6      | Reached skill level 5 in Spellcasting
  8923 | D:7      | Reached XP level 9. HP: 62/62 MP: 2/16
  9069 | D:7      | Found a snail-covered altar of Cheibriados.
  9611 | D:7      | Reached skill level 10 in Ice Magic
 10113 | D:7      | Reached skill level 5 in Dodging
 10258 | D:7      | Learned a level 2 spell: Poisonous Vapours
 10263 | D:7      | Found Itriguzu's Armour Boutique.
 10317 | D:7      | Bought the +3 pair of gloves of Dishonesty {rElec} for 469
                  | gold pieces
 10603 | D:7      | Reached skill level 1 in Poison Magic
 11366 | D:8      | Noticed a hornet
 11375 | D:8      | Killed a hornet
 11785 | D:8      | Reached XP level 10. HP: 58/71 MP: 1/18
 11891 | D:8      | Reached skill level 11 in Ice Magic
 12471 | D:8      | Found a shadowy altar of Dithmenos.
 12478 | D:8      | Noticed Prince Ribbit
 12490 | D:8      | Killed Prince Ribbit
 12855 | D:8      | Learned a level 4 spell: Olgreb's Toxic Radiance
 13404 | D:9      | Noticed Maggie
 13413 | D:9      | Killed Maggie
 13414 | D:9      | Reached skill level 1 in Polearms
 13683 | D:9      | Reached skill level 1 in Evocations
 13837 | D:9      | Found a shimmering blue altar of Sif Muna.
 13848 | D:9      | Noticed a two-headed ogre
 13861 | D:9      | Killed a two-headed ogre
 13862 | D:9      | Reached skill level 5 in Fighting
 13862 | D:9      | Reached skill level 1 in Armour
 14142 | D:9      | Found a burning altar of Makhleb.
 14142 | D:9      | Noticed a green death
 14214 | D:9      | Found a stormy altar of Qazlal.
 14223 | D:9      | Noticed Grum
 14267 | D:9      | Killed Grum
 14610 | D:9      | Found a glowing golden altar of the Shining One.
 14737 | D:9      | Found a hazy altar of Hepliaklqana.
 14873 | D:9      | Reached XP level 11. HP: 37/80 MP: 3/20
 15278 | D:10     | Entered Level 10 of the Dungeon
 16016 | D:10     | Noticed Sonja
 16021 | D:10     | Killed Sonja
 16022 | D:10     | Reached skill level 5 in Conjurations
 16924 | D:11     | HP: 3/81 [gargoyle/stone arrow (11)]
 17990 | D:11     | Noticed a skeletal warrior
 18155 | D:11     | Noticed an orc knight
 18219 | D:11     | Found a staircase to the Lair.
 18228 | D:11     | Noticed a manticore
 18235 | D:11     | Killed a manticore
 18725 | D:11     | Noticed a cyclops
 18736 | D:11     | Killed a cyclops
 18905 | D:11     | Noticed a death knight
 19148 | Lair:1   | Entered Level 1 of the Lair of Beasts
 19270 | Lair:1   | Paralysed by a hornet for 1 turns
 19502 | Lair:1   | Bought a potion of might for 144 gold pieces
 19502 | Lair:1   | Bought a pair of runed boots for 270 gold pieces
 19502 | Lair:1   | Bought a scroll of identify for 72 gold pieces
 19555 | Lair:1   | Reached skill level 5 in Poison Magic
 19692 | Lair:1   | Noticed a six-headed hydra
 19715 | Lair:1   | Killed a six-headed hydra
 19716 | Lair:1   | Reached skill level 5 in Stealth
 19716 | Lair:1   | Reached skill level 12 in Ice Magic
 19716 | Lair:1   | Reached XP level 12. HP: 74/88 MP: 7/22
 19834 | Lair:1   | Noticed a five-headed hydra
 19873 | Lair:1   | Killed a five-headed hydra
 19884 | Lair:1   | Reached skill level 5 in Polearms
 21203 | Lair:2   | Found a staircase to the Swamp.
 21421 | Lair:2   | Found a hole to the Spider Nest.
 21600 | Lair:2   | Reached skill level 10 in Dodging
 22179 | Lair:3   | Noticed an eight-headed hydra
 22181 | Lair:3   | Noticed a seven-headed hydra
 22189 | Lair:3   | Found a transporter.
 22229 | Lair:3   | Noticed a catoblepas
 22249 | Lair:3   | Killed a catoblepas
 22603 | Lair:3   | Found a transporter.
 22705 | Lair:3   | Noticed Discosetron's ghost (journeyman GnAM)
 23485 | Lair:4   | Noticed a boulder beetle
 23516 | Lair:4   | Killed a boulder beetle
 23679 | Lair:4   | Noticed a six-headed hydra
 23681 | Lair:4   | Noticed a death yak
 23681 | Lair:4   | Noticed Kirke
 23702 | Lair:4   | Killed a six-headed hydra
 23801 | Lair:4   | Reached XP level 13. HP: 67/96 MP: 21/24
 23865 | Lair:4   | Reached skill level 5 in Armour
 23867 | Lair:4   | Killed Kirke
 24440 | Lair:4   | Reached skill level 5 in Evocations
 24520 | Lair:4   | Noticed Nessos
 24851 | Lair:4   | Killed Nessos
 25100 | Lair:4   | Found a viscous altar of Jiyva.
 25100 | Lair:4   | Found a staircase to the Slime Pits.
 25472 | Lair:5   | Entered Level 5 of the Lair of Beasts
 26974 | D:12     | Identified the +1 falchion of Pestilence {elec, rElec Will+
                  | Str+2 Stlth+}
 27405 | D:12     | Got the Meditations on the Icy Coals
 27418 | D:12     | Learned a level 4 spell: Ice Form
 27686 | D:12     | Reached skill level 1 in Transmutations
 27745 | D:12     | Found a staircase to the Orcish Mines.
 27874 | D:12     | Found Lapaussixat's Antique Weapon Shop.
 28361 | Orc:1    | Entered Level 1 of the Orcish Mines
 28369 | Orc:1    | Found Jilop's Weapon Shoppe.
 28396 | Orc:1    | Learned a level 2 spell: Passwall
 28399 | Orc:1    | Found a frozen archway.
 28430 | IceCv    | Entered an ice cave
 28438 | IceCv    | Reached XP level 14. HP: 89/105 MP: 16/26
 28440 | IceCv    | Reached skill level 13 in Ice Magic
 29095 | IceCv    | Reached XP level 15. HP: 112/112 MP: 27/27
 29279 | IceCv    | Identified a scroll of acquirement
 29279 | IceCv    | Acquired the +1 buckler of the Gate {+Blink SInv Stlth+}
 29977 | IceCv    | Reached skill level 10 in Polearms
 30311 | IceCv    | Noticed a frost giant
 30344 | IceCv    | Killed a frost giant
 30895 | Orc:1    | Noticed Snorg
 30909 | Orc:1    | Killed Snorg
 31132 | Orc:1    | Found a transporter.
 31133 | Orc:1    | Noticed Fingal42's ghost (journeyman HOFi)
 31383 | Orc:1    | Found a transporter.
 31708 | Orc:2    | Entered Level 2 of the Orcish Mines
 32015 | Orc:2    | Reached skill level 5 in Transmutations
 32636 | Orc:2    | Found a bloodstained altar of Trog.
 34083 | Orc:2    | Found Mowe's Magic Scroll Emporium.
 34106 | Orc:2    | Found Bemno's Distillery.
 34109 | Orc:2    | Found Icves's Jewellery Boutique.
 34113 | Orc:2    | Found a staircase to the Elven Halls.
 34116 | Orc:2    | Bought a potion of heal wounds for 60 gold pieces
 34116 | Orc:2    | Bought a potion of heal wounds for 60 gold pieces
 34116 | Orc:2    | Bought a potion of haste for 120 gold pieces
 34116 | Orc:2    | Bought a potion of ambrosia for 96 gold pieces
 34119 | Orc:2    | Found Pisost's Magic Scroll Shoppe.
 34127 | Orc:2    | Bought a scroll of acquirement for 676 gold pieces
 34127 | Orc:2    | Bought a scroll of teleportation for 39 gold pieces
 34132 | Orc:2    | Bought a scroll of blinking for 90 gold pieces
 34132 | Orc:2    | Bought a scroll of enchant armour for 90 gold pieces
 34132 | Orc:2    | Bought a scroll of summoning for 114 gold pieces
 34335 | Orc:2    | Acquired a book of Ice
 34367 | Orc:2    | Bought an amulet of regeneration for 540 gold pieces
 34380 | Orc:2    | Bought a potion of curing for 36 gold pieces
 34380 | Orc:2    | Bought a potion of might for 48 gold pieces
 34390 | Orc:2    | Bought a scroll of fear for 48 gold pieces
 34549 | D:13     | Learned a level 5 spell: Freezing Cloud
 35435 | D:13     | Reached XP level 16. HP: 84/120 MP: 14/29
 35675 | D:13     | Identified the +8 shortbow "Roafoeny" {venom, rCorr Str+3
                  | Dex+3}
 35698 | D:13     | Found a gate to the Vaults.
 37077 | D:15     | Entered Level 15 of the Dungeon
 37133 | D:15     | Reached skill level 14 in Ice Magic
 37511 | D:15     | Learned a level 5 spell: Metabolic Englaciation
 37882 | D:15     | Found a staircase to the Depths.
 38085 | Swamp:1  | Entered Level 1 of the Swamp
 38095 | Swamp:1  | Reached skill level 1 in Hexes
 38495 | Lair:1   | Bought a pair of glowing gloves for 270 gold pieces
 38495 | Lair:1   | Bought a scroll of teleportation for 108 gold pieces
 38806 | Swamp:1  | You fall into a shaft and drop 1 floor!
 39076 | Swamp:2  | Noticed a thorn hunter
 39108 | Swamp:2  | Killed a thorn hunter
 39849 | Swamp:1  | Reached skill level 10 in Fighting
 40357 | Swamp:2  | Reached XP level 17. HP: 107/128 MP: 10/30
 40956 | Swamp:2  | Slain by a will-o-the-wisp

Illustrated notes

Levels and vault maps discovered:
D:1:      dpeg_arrival_fog, layout_basic, hellmonk_ecumenical_altar_arch_garden,
          serial_glass, glass_columns_a, glass_columns_a
D:2:      layout_basic
D:3:      layout_loops_ring, okawaru_metal_pillars_1_2,
          nicolae_overflow_hidden_temple, uniq_ijyb
D:4:      layout_cave_pools
D:5:      layout_basic, chequers_temple_overflow_statue_of_worship,
          minmay_temple_entry_waves, minmay_misc_feat_doors, grunt_ministairs_15
D:6:      layout_loops_ring, lemuel_round_altar
D:7:      layout_gridville, slow_altar_1, serial_shops, nicolae_square_shop,
          nrook_pool_corridor
D:8:      layout_loops_corners, nicolae_dithmenos_shadow_blocks,
          uniq_prince_ribbit1
D:9:      layout_stronghold, kennysheep_little_box, mainiacjoe_overflow_catwalk,
          mainiacjoe_overflow_chevrons, makhleb_altar_promises_db, tso_altar,
          uniq_grum, uniq_maggie
D:10:     layout_cave_pools, uniq_sonja
D:11:     minmay_the_grid_triangle_9x9_rhombus_thin_mashed
          [minmay_the_grid_triangle_9x9_negative_grid,
          minmay_the_grid_triangle_9x9_prize_insulated,
          minmay_the_grid_triangle_9x9_flanged_cone,
          minmay_the_grid_triangle_9x9_zippers_vertical], layout_basic,
          lair_entry_dummy
D:12:     layout_roguey, minmay_orc_entry_guard_dogs, serial_shops,
          nicolae_shop_statue_plus
D:13:     layout_loops_ring, david_vaults_5, lightli_minifort
D:14:     layout_rooms, billiards_dpeg
D:15:     gammafunk_depths_entry_grave, layout_loops_ring
Temple:   nicolae_temple_two_arcs
Lair:1:   layout_hall_layers
Lair:2:   layout_long_grid, swamp_mist, dummy_spider_entry,
          chequers_serial_rivers_micro_a, st_stairs_13, serial_bayou_pond_b,
          lemuel_old_faithful, serial_bayou_shore_b, infiniplex_staircase_pool
Lair:3:   minmay_lair_venomous_thicket, layout_loops_ring, nzn_ghost_randoct,
          infiniplex_staircase_pool_2, grunt_megastairs_5
Lair:4:   layout_regular_city, minmay_slime_entry_pillars, lemuel_fruit_fields,
          uniq_nessos, uniq_kirke
Lair:5:   wormcave, layout_cave_pods
Swamp:1:  layout_falls_marsh, evilmike_swamp_ruin_house_1
Swamp:2:  nicolae_swamp_tree_isthmus, layout_basic_swamp, serial_swamp_ruin,
          evilmike_swamp_ruin_rubble_1, evilmike_swamp_ruin_house_5,
          evilmike_swamp_ruin_house_6, swamp_pool4, nicolae_swamp_trees_clearing
Orc:1:    layout_diamond_mine, portal_ice_cave_entry_pillars_1, serial_shops,
          shop, gammafunk_ghost_arena, uniq_snorg
Orc:2:    st_orc_open, layout_diamond_mine, basic_altar

Skill      XL: |  1  2  3  4  5  6  7  8  9 10 11 12 13 14 15 16 |
---------------+-------------------------------------------------+-----
Ice Magic      | 5 6 7 8 9 10 11 12 13 14 | 14.7
Spellcasting   | 3 4 5 6 7 8 9 |  9.7
Conjurations   | 1 2 3 4 5 6 7 8 |  8.4
Fighting       | 2 4 5 6 7 8 9 10 | 10.1
Dodging        | 4 6 7 9 10 11 12 13 | 13.1
Poison Magic   | 2 4 5 6 7 8 |  8.8
Polearms       | 2 4 6 8 9 11 13 | 13.2
Evocations     | 1 3 4 5 6 7 |  7.6
Armour         | 1 3 4 6 7 8 |  8.6
Stealth        | 3 5 6 |  6.5
Transmutations | 1 3 5 6 |  6.5
Hexes          | 3 |  3.8

Action                   |  1- 3 |  4- 6 |  7- 9 | 10-12 | 13-15 | 16-18 || total
-------------------------+-------+-------+-------+-------+-------+-------++-------
Melee: Unarmed           |     1 |       |       |       |       |       ||     1
       Short sword       |     7 |    26 |       |       |       |       ||    33
       Dagger            |       |    23 |   195 |       |       |       ||   218
       Punch             |       |     1 |     2 |     3 |     2 |       ||     8
       Trident           |       |       |       |   311 |   587 |   352 ||  1250
       Tailslap          |       |       |       |     2 |     3 |    14 ||    19
Throw: Stone             |       |     2 |     2 |       |       |       ||     4
       Boomerang         |       |       |     2 |       |       |       ||     2
       Javelin           |       |       |     1 |       |       |     2 ||     3
       Dart              |       |       |     7 |    15 |     2 |       ||    24
 Cast: Freeze            |    52 |    23 |    15 |    25 |    30 |    29 ||   174
       Frozen Ramparts   |     4 |    35 |    35 |    55 |    44 |     8 ||   181
       Ozocubu's Armour  |       |     4 |    10 |    19 |    27 |    13 ||    73
       Ensorcelled Hiber |       |       |     2 |       |       |       ||     2
       Hailstorm         |       |       |    25 |    48 |    26 |    14 ||   113
       Olgreb's Toxic Ra |       |       |       |    33 |    94 |    25 ||   152
       Poisonous Vapours |       |       |       |     2 |       |       ||     2
       Passwall          |       |       |       |       |     2 |       ||     2
       Freezing Cloud    |       |       |       |       |     3 |    47 ||    50
       Metabolic Englaci |       |       |       |       |       |     3 ||     3
Invok: Call Merchant     |       |       |       |     1 |       |       ||     1
       Potion Petition   |       |       |       |       |       |     1 ||     1
Evoke: Wand              |       |       |    24 |     5 |     8 |     1 ||    38
       Phantom mirror    |       |       |       |     1 |     1 |     1 ||     3
       Phial of floods   |       |       |       |       |       |     1 ||     1
  Use: Scroll            |     4 |     8 |     4 |    12 |    10 |     4 ||    42
       Potion            |       |     2 |     1 |     3 |     4 |     8 ||    18
 Stab: Sleeping          |     3 |       |     2 |     2 |    12 |     9 ||    28
       Distracted        |       |       |       |     4 |     7 |       ||    11
Armor: Robe              |    10 |    22 |    62 |     9 |    97 |       ||   200
       Acid dragon scale |       |       |       |   135 |   100 |   125 ||   360
       Skin              |       |       |       |       |       |    38 ||    38
Dodge: Dodged            |    33 |    42 |   152 |   240 |   441 |   248 ||  1156
Block: Buckler           |       |       |       |       |   102 |    82 ||   184
